 Dungeon Crawl Stone Soup version 0.26-a0-712-ga5a9c9c9d0 (webtiles) character file.

Game seed: 5437144344587663986

4646 kae the Impaler (level 10, -17/84 HPs)
             Began as a Merfolk Gladiator on Nov 13, 2020.
             Was a Believer of Makhleb.
             Shot with an arrow by a centaur warrior (21 damage)
             ... on level 8 of the Dungeon.
             The game lasted 00:08:21 (10520 turns).

kae the Impaler (Merfolk Gladiator)                Turns: 10520, Time: 00:08:21

Health: -17/84     AC:  5    Str: 17    XL:     10   Next: 43%
Magic:  19/19      EV: 14    Int:  9    God:    Makhleb [**....]
Gold:   1373       SH:  0    Dex: 15    Spells: 9/9 levels left

rFire    . . .     SeeInvis .   a - +2 trident
rCold    . . .     Faith    .   (no shield)
rNeg     . . .     Spirit   .   b - +1 leather armour
rPois    .         Reflect  .   c - +0 helmet
rElec    .         Harm     .   (no cloak)
rCorr    .         Rampage  .   (no gloves)
MR       .....                  (no boots)
Stlth    ++........             (no amulet)
HPRegen  0.24/turn              h - ring of magical power
MPRegen  0.16/turn              k - ring of stealth

@: no status effects
A: change form in water, swift swim, stealthy swim
a: Minor Destruction, Renounce Religion


You were on level 8 of the Dungeon.
You worshipped Makhleb.
Makhleb was pleased with you.
You visited 2 branches of the dungeon, and saw 9 of its levels.
You also visited: Bailey.

You collected 1373 gold pieces.

Inventory:

Hand Weapons
 a - a +2 trident (weapon)
Missiles
 d - 3 throwing nets (quivered)
Armour
 b - a +1 leather armour (worn)
 c - a +0 helmet (worn)
Jewellery
 h - a ring of magical power (left hand)
 k - a ring of stealth (right hand)
 w - a +6 ring of intelligence
 x - an uncursed ring of wizardry
 z - a cursed -4 ring of intelligence
 A - an uncursed ring of see invisible
Wands
 p - a wand of flame (39)
 q - a wand of iceblast (10)
Scrolls
 e - a scroll of immolation
 g - 5 scrolls of teleportation
 m - 3 scrolls of remove curse
 o - a scroll of blinking
 y - a scroll of enchant armour
Potions
 f - a potion of magic
 j - 7 potions of flight
 l - 3 potions of mutation
 n - 3 potions of curing
 r - 2 potions of haste
 t - a potion of invisibility
 u - 2 potions of brilliance
 v - a potion of lignification


   Skills:
 + Level 9.7 Fighting
 * Level 16.6 Polearms
 - Level 2.0 Throwing
 - Level 4.0 Dodging


You had 9 spell levels left.
You didn't know any spells.
Your spell library contained the following spells:

 Spells                   Type           Power        Failure   Level
 Summon Small Mammal      Summ           #...         45%         1
 Call Imp                 Summ           #.......     58%         2
 Call Canine Familiar     Summ           #.......     83%         3
 Confusing Touch          Hex            #.......     83%         3
 Gell's Gravitas          Tloc           #.........   83%         3
 Summon Guardian Golem    Hex/Summ       #.......     83%         3
 Petrify                  Tmut/Erth      #.......     99%         4
 Summon Ice Beast         Ice/Summ       #.......     99%         4
 Summon Lightning Spire   Summ/Air       #.......     99%         4
 Metabolic Englaciation   Hex/Ice        #.........   100%        5
 Yara's Violent Unravell  Hex/Tmut       #.........   100%        5


Dungeon Overview and Level Annotations

Branches:
Dungeon (8/15)             Temple (1/1) D:4          Bailey (visited)
   Lair: D:8-11

Altars:
Ashenzari
Dithmenos
Elyvilon
Fedhas
Gozag
Kikubaaqudgha
Makhleb
Nemelex Xobeh
Qazlal
Ru
Sif Muna
Trog
Uskayaw
Vehumet
Wu Jian
Zin

Shops:
D:7 }   D:8 *

Annotations:
D:6 1 runed translucent door, Crazy Yiuf


Message History

The centaur warrior shoots an arrow.
The arrow hits you!
You see here an arrow.
The centaur warrior shoots an arrow.
The arrow hits you!!
* * * LOW HITPOINT WARNING * * *
You see here an arrow.
Okay, then.
You feel much better.
The centaur warrior shoots an arrow.
The arrow hits you.
The orc wizard points at you and mumbles some strange words.
The magic dart hits you.
* * * LOW HITPOINT WARNING * * *
The orc wizard points at you and mumbles some strange words.
The magic dart hits you.
* * * LOW HITPOINT WARNING * * *
The centaur warrior shoots an arrow.
The arrow hits you!
* * * LOW HITPOINT WARNING * * *
Things that are here:
a +0 short sword; a +0 leather armour You can't go up here!
The centaur warrior shoots an arrow.
The arrow hits you!!
You die...

...#.#.#.#K#.#.#.
.......)........##
....#.#(#.#o#.#..#
#...(.o.B......
#####.oKc......
#...K....... .
##.†)(.......
#...#....).......
#.......@.(.....
##..............
##.(...........
##............
#..............
..#............
................
.#.○.#.##......#
.○○... #....##


You could see a centaur warrior, an orc warrior, an orc priest, an orc wizard, a
giant cockroach and 2 kobolds.

Vanquished Creatures
  Pikel (D:4)
  An orc knight (Bailey)
  A meliai (D:7)
  A black bear (D:7)
  3 orc warriors
  2 sky beasts (D:7)
  An ice beast (D:5)
  3 phantoms
  4 centaurs
  6 ogres
  A necrophage (D:5)
  A big kobold (D:7)
  4 bullfrogs
  A scorpion (D:4)
  6 killer bees (D:7)
  4 howler monkeys
  A centaur zombie (D:7)
  3 hounds
  A jelly (D:8)
  An orc priest (D:6)
  2 bullfrog skeletons
  A centaur skeleton (D:8)
  4 orc wizards
  5 worker ants
  2 killer bee zombies
  A hound skeleton (D:5)
  Robin (D:3)
  A worker ant zombie (D:7)
  3 gnolls
  16 adders
  A shadow imp (D:5)
  3 white imps
  An ufetubus (D:6)
  3 oozes
  An adder skeleton (D:4)
  An adder zombie (D:7)
  8 worms
  2 dart slugs (D:3)
  A leopard gecko (D:1)
  19 orcs
  4 bats (D:3)
  7 giant cockroaches
  17 goblins
  16 hobgoblins
  A quokka (D:6)
  3 ball pythons (D:1)
  8 frilled lizards
  20 kobolds
  9 rats
207 creatures vanquished.

Notes
Turn   | Place    | Note
-------+----------+-------------------------------------------
     0 | D:1      | kae the Merfolk Gladiator began the quest for the Orb.
     0 | D:1      | Reached XP level 1. HP: 16/16 MP: 1/1
   198 | D:1      | Reached XP level 2. HP: 23/23 MP: 2/2
   225 | D:1      | Reached skill level 5 in Polearms
   753 | D:1      | Reached XP level 3. HP: 25/28 MP: 3/3
   862 | D:2      | Reached skill level 6 in Polearms
   988 | D:2      | Reached XP level 4. HP: 32/35 MP: 4/4
  1489 | D:2      | Reached skill level 7 in Polearms
  1538 | D:2      | Reached XP level 5. HP: 29/41 MP: 5/5
  2327 | D:3      | Found a blossoming altar of Fedhas.
  2609 | D:3      | Noticed Robin
  2635 | D:3      | Killed Robin
  2974 | D:3      | Reached skill level 8 in Polearms
  3426 | D:3      | Reached XP level 6. HP: 48/48 MP: 6/6
  3582 | D:4      | Reached skill level 9 in Polearms
  3635 | D:4      | Found a staircase to the Ecumenical Temple.
  3644 | Temple   | Entered the Ecumenical Temple
  3793 | Temple   | Became a worshipper of Makhleb the Destroyer
  4109 | D:4      | Noticed Pikel
  4140 | D:4      | Killed Pikel
  4140 | D:4      | Reached skill level 5 in Fighting
  4140 | D:4      | Reached skill level 11 in Polearms
  4140 | D:4      | Reached XP level 7. HP: 49/57 MP: 7/7
  4140 | D:4      | Reached XP level 8. HP: 55/64 MP: 8/8
  4657 | D:5      | Entered Level 5 of the Dungeon
  4940 | D:5      | Reached skill level 12 in Polearms
  5463 | D:5      | Reached * piety under Makhleb
  5738 | D:5      | Reached skill level 13 in Polearms
  6003 | D:6      | Reached XP level 9. HP: 61/71 MP: 9/9
  6298 | D:6      | Found a runed translucent door.
  6299 | D:6      | Noticed Crazy Yiuf
  6868 | D:6      | Reached skill level 14 in Polearms
  7677 | D:7      | Found a flagged portal.
  7686 | Bailey   | Entered a bailey
  7712 | Bailey   | Reached ** piety under Makhleb
  7804 | Bailey   | Reached skill level 15 in Polearms
  7922 | Bailey   | Noticed an orc knight
  8140 | Bailey   | Killed an orc knight
  8140 | Bailey   | Reached XP level 10. HP: 53/82 MP: 10/10
  8735 | D:7      | Found Eluumehimp's Gadget Shop.
  8982 | D:8      | Found Omoot's Demolitions Depot.
  9107 | D:7      | Reached skill level 16 in Polearms
 10505 | D:8      | Noticed a centaur warrior
 10519 | D:8      | HP: 4/84 [centaur warrior/arrow (12)]
 10520 | D:8      | Shot with an arrow by a centaur warrior

Illustrated notes

Levels and vault maps discovered:
D:1:      ncdulo_smallfort, layout_loops_corners
D:2:      layout_rooms
D:3:      layout_basic, nicolae_overflow_hidden_temple, uniq_robin
D:4:      layout_basic, minmay_temple_entry_arrows, gup_sewer_entry_glass,
          enter_ossuary_2, minivault_23, uniq_pikel
D:5:      layout_basic, grunt_decor_fettered
D:6:      layout_basic, uniq_crazy_yiuf_cottage
D:7:      layout_cave_pools, serial_shops, shop, enter_bailey_8
D:8:      minmay_diamond_stairs, layout_cave_pods, nicolae_blasting_shop,
          hex_large, uniq_gastronok
Temple:   hc_temple_tempest_star

Skill      XL: |  1  2  3  4  5  6  7  8  9 10 |
---------------+-------------------------------+-----
Polearms       | 5 6 7 8 11 13 15 16 | 16.6
Fighting       | 3 4 5 7 9 |  9.7
Throwing       | |  2.0
Dodging        | |  4.0

Action                   |  1- 3 |  4- 6 |  7- 9 | 10-12 || total
-------------------------+-------+-------+-------+-------++-------
Melee: Trident           |    89 |   306 |   405 |   166 ||   966
       Tailslap          |       |       |     5 |       ||     5
  Use: Scroll            |     6 |     2 |    10 |     4 ||    22
       Potion            |       |     2 |       |     1 ||     3
 Stab: Sleeping          |     1 |     1 |     4 |     1 ||     7
       Distracted        |       |       |     1 |       ||     1
Armor: Leather armour    |    14 |    47 |    24 |    38 ||   123
Dodge: Dodged            |    46 |   143 |   170 |   132 ||   491

Table legend: (Time is in decaauts)
 A = Elapsed time spent in this place.
 B = Non-inter-level travel time spent in this place.
 C = Inter-level travel time spent in this place.
 D = Time resting spent in this place.
 E = Time spent auto-exploring this place.
 F = Levels seen in this place.
 G = Mean time per level.
                   A        B        C        D        E       F      G
               +--------+--------+--------+--------+--------+-----+--------+
         Total |  10221 |   9957 |    264 |   2065 |   6282 |  10 | 1022.1 |
       Dungeon |   9258 |   9039 |    219 |   1717 |   5969 |   8 | 1157.2 |
        Temple |    131 |     86 |     45 |      0 |     85 |   1 |  131.0 |
        Bailey |    831 |    831 |      0 |    348 |    228 |   1 |  831.0 |
               +--------+--------+--------+--------+--------+-----+--------+

Top non-repeatable levels by time:
     D:7: 2227 daAuts
     D:3: 1719 daAuts
     D:5: 1495 daAuts
     D:1: 1072 daAuts
     D:6: 985 daAuts
     D:4: 940 daAuts
  Bailey: 831 daAuts
     D:2: 722 daAuts
  Temple: 131 daAuts
     D:8: 95 daAuts
